[ PARTIDA AOE2 · #485530376 ]
UnrankedEspañoles vs Turks
Equipo del jugador · DERR
Equipo rival · VICT
[ ANÁLISIS DE REPETICIÓN · EXTRAÍDO DE LA PARTIDA GRABADA ]
Feudal
—
Castillos
—
Imperial
—
| APM promedio | 20.2 |
| APM pico | 49 |
| eAPM promedio | 11.8 |
| Aldeanos / militares | 74 / 42 |
Foco
⚔️ 23.2% · 🌾 76.8%
Knight ×21 · Conquistador ×14 · Monk ×4 · Spearman ×2 · Trebuchet (Packed) ×1
Feudal
11:41
Castillos
16:53
Imperial
28:51
| APM promedio | 21.4 |
| APM pico | 52 |
| eAPM promedio | 12.0 |
| Aldeanos / militares | 73 / 53 |
Foco
⚔️ 35.7% · 🌾 64.3%
Janissary ×30 · Scout Cavalry ×16 · Bombard Cannon ×7
Mapa de la partida
Recursos iniciales + cada clic de construcción. Líneas = muros · curvas = relieve. ◆ oro · ⬟ piedra · ● bayas · ✦ reliquia · ◌ hueco del cierre
Tu base· ✓ Cerrada en 12:16 · 0t muro · 2 puerta(s)
Base de dafr1997· ✓ Cerrada en 16:53 · 10t muro · 3 puerta(s)
Terreno inicial suavizado · ◌ = hueco del cierre detectado · pasá el cursor para detalles
Inputs por minuto
— Manthasx22 - - dafr1997
Build order — Manthasx22
Primeras 150 de 199 acciones detectadas
| 0:01 | Crear | Villager (Male) |
| 0:02 | Crear | Villager (Male) |
| 0:02 | Crear | Villager (Male) |
| 0:03 | Construir | House |
| 0:05 | Construir | House |
| 0:26 | Crear | Villager (Male) |
| 1:24 | Crear | Villager (Male) |
| 1:49 | Crear | Villager (Male) |
| 2:20 | Crear | Villager (Male) |
| 2:40 | Crear | Villager (Male) |
| 3:03 | Crear | Villager (Male) |
| 3:26 | Construir | House |
| 3:29 | Construir | Lumber Camp |
| 3:46 | Crear | Villager (Male) |
| 3:46 | Crear | Villager (Male) |
| 4:07 | Crear | Villager (Male) |
| 4:16 | Crear | Villager (Male) |
| 4:50 | Crear | Villager (Male) |
| 4:50 | Crear | Villager (Male) |
| 5:26 | Crear | Villager (Male) |
| 5:38 | Construir | House |
| 6:20 | Crear | Villager (Male) |
| 6:24 | Construir | Mill |
| 6:28 | Crear | Villager (Male) |
| 6:55 | Construir | Mining Camp |
| 7:12 | Crear | Villager (Male) |
| 7:16 | Crear | Villager (Male) |
| 7:42 | Crear | Villager (Male) |
| 8:06 | Construir | Mining Camp |
| 8:13 | Investigar | Feudal Age |
| 10:21 | Construir | House |
| 10:39 | Crear | Villager (Male) |
| 10:59 | Investigar | Loom |
| 11:20 | Construir | Market |
| 11:25 | Construir | Blacksmith |
| 11:30 | Crear | Villager (Male) |
| 12:16 | Investigar | Castle Age |
| 13:08 | Crear | Villager (Male) |
| 13:09 | Crear | Villager (Male) |
| 13:13 | Crear | Villager (Male) |
| 13:45 | Crear | Villager (Male) |
| 14:00 | Construir | Barracks |
| 14:26 | Investigar | Double-Bit Axe |
| 15:01 | Construir | Castle |
| 15:05 | Crear | Spearman |
| 15:17 | Crear | Villager (Male) |
| 16:10 | Construir | Farm |
| 16:12 | Construir | Farm |
| 16:20 | Crear | Villager (Male) |
| 16:33 | Crear | Villager (Male) |
| 16:49 | Construir | Farm |
| 16:52 | Construir | Farm |
| 17:14 | Crear | Conquistador |
| 17:15 | Crear | Conquistador |
| 17:20 | Construir | Mining Camp |
| 17:26 | Crear | Villager (Male) |
| 17:31 | Construir | Farm |
| 17:38 | Crear | Villager (Male) |
| 17:54 | Construir | Farm |
| 18:00 | Construir | Farm |
| 18:06 | Construir | Farm |
| 18:23 | Crear | Conquistador |
| 19:01 | Crear | Villager (Male) |
| 19:01 | Crear | Villager (Male) |
| 19:29 | Construir | Watch Tower |
| 19:37 | Crear | Villager (Male) |
| 19:42 | Construir | Farm |
| 19:43 | Construir | Farm |
| 19:43 | Construir | Farm |
| 19:47 | Crear | Villager (Male) |
| 19:58 | Crear | Villager (Male) |
| 20:08 | Construir | Monastery |
| 20:28 | Crear | Conquistador |
| 20:36 | Construir | Mining Camp |
| 20:45 | Crear | Conquistador |
| 21:00 | Construir | Farm |
| 21:00 | Construir | Farm |
| 21:02 | Construir | Farm |
| 21:03 | Construir | Farm |
| 21:06 | Crear | Villager (Male) |
| 21:11 | Crear | Monk |
| 21:28 | Crear | Villager (Male) |
| 22:00 | Crear | Villager (Male) |
| 22:02 | Crear | Villager (Male) |
| 22:07 | Construir | Farm |
| 22:07 | Construir | Farm |
| 22:21 | Crear | Monk |
| 22:40 | Crear | Conquistador |
| 22:50 | Crear | Villager (Male) |
| 23:00 | Construir | Town Center |
| 23:09 | Investigar | Horse Collar |
| 23:11 | Crear | Villager (Male) |
| 23:11 | Crear | Villager (Male) |
| 23:25 | Construir | House |
| 23:39 | Crear | Monk |
| 23:53 | Construir | Farm |
| 24:03 | Crear | Villager (Male) |
| 24:07 | Crear | Villager (Male) |
| 24:10 | Crear | Villager (Male) |
| 24:15 | Construir | Farm |
| 24:17 | Construir | Farm |
| 24:59 | Crear | Villager (Male) |
| 25:04 | Construir | Farm |
| 25:10 | Construir | Farm |
| 25:10 | Construir | Farm |
| 25:13 | Crear | Villager (Male) |
| 25:15 | Crear | Villager (Male) |
| 25:19 | Crear | Villager (Male) |
| 25:24 | Construir | Farm |
| 26:12 | Investigar | Imperial Age |
| 26:30 | Crear | Monk |
| 26:47 | Investigar | Wheelbarrow |
| 26:52 | Investigar | Fletching |
| 27:06 | Construir | Town Center |
| 27:32 | Crear | Villager (Male) |
| 27:33 | Crear | Villager (Male) |
| 28:02 | Construir | Monastery |
| 28:14 | Construir | Monastery |
| 28:33 | Construir | House |
| 28:41 | Crear | Villager (Male) |
| 28:42 | Crear | Villager (Male) |
| 28:42 | Crear | Villager (Male) |
| 28:48 | Crear | Villager (Male) |
| 28:48 | Crear | Villager (Male) |
| 28:48 | Crear | Villager (Male) |
| 28:51 | Crear | Villager (Male) |
| 29:03 | Crear | Conquistador |
| 29:03 | Crear | Conquistador |
| 29:05 | Crear | Conquistador |
| 29:27 | Crear | Trebuchet (Packed) |
| 29:42 | Investigar | Bodkin Arrow |
| 29:47 | Crear | Villager (Male) |
| 29:47 | Crear | Villager (Male) |
| 29:52 | Construir | Stable |
| 30:44 | Crear | Conquistador |
| 30:44 | Crear | Conquistador |
| 30:47 | Crear | Spearman |
| 31:05 | Crear | Knight |
| 31:06 | Crear | Knight |
| 32:26 | Crear | Villager (Male) |
| 32:26 | Crear | Villager (Male) |
| 32:26 | Crear | Villager (Male) |
| 32:34 | Construir | House |
| 32:35 | Construir | House |
| 32:36 | Construir | House |
| 32:36 | Construir | House |
| 32:41 | Construir | House |
| 32:41 | Construir | House |
| 32:52 | Construir | Stable |
| 33:08 | Investigar | Bloodlines |
Build order — dafr1997
Primeras 150 de 216 acciones detectadas
| 0:00 | Crear | Villager (Male) |
| 0:01 | Crear | Villager (Male) |
| 0:01 | Crear | Villager (Male) |
| 0:01 | Crear | Villager (Male) |
| 0:04 | Construir | House |
| 0:07 | Construir | House |
| 1:23 | Crear | Villager (Male) |
| 1:50 | Construir | Lumber Camp |
| 2:01 | Crear | Villager (Male) |
| 2:15 | Crear | Villager (Male) |
| 2:43 | Crear | Villager (Male) |
| 3:11 | Crear | Villager (Male) |
| 3:29 | Crear | Villager (Male) |
| 4:11 | Crear | Villager (Male) |
| 4:16 | Construir | House |
| 4:27 | Construir | Mill |
| 4:33 | Crear | Villager (Male) |
| 4:42 | Investigar | Loom |
| 4:50 | Crear | Villager (Male) |
| 5:10 | Crear | Villager (Male) |
| 5:43 | Crear | Villager (Male) |
| 6:30 | Construir | Palisade Wall |
| 6:31 | Crear | Villager (Male) |
| 6:47 | Crear | Villager (Male) |
| 6:57 | Construir | House |
| 7:14 | Crear | Villager (Male) |
| 7:40 | Crear | Villager (Male) |
| 7:42 | Construir | Mining Camp |
| 8:12 | Crear | Villager (Male) |
| 8:21 | Crear | Villager (Male) |
| 8:54 | Crear | Villager (Male) |
| 8:56 | Construir | Mining Camp |
| 9:21 | Investigar | Feudal Age |
| 11:01 | Construir | Farm |
| 11:06 | Construir | Farm |
| 11:14 | Crear | Villager (Male) |
| 11:16 | Crear | Villager (Male) |
| 11:23 | Construir | House |
| 11:26 | Construir | House |
| 11:41 | Edad | Edad Feudal |
| 12:07 | Construir | Market |
| 12:27 | Crear | Villager (Male) |
| 12:30 | Construir | Blacksmith |
| 12:35 | Investigar | Town Watch |
| 12:38 | Investigar | Wheelbarrow |
| 13:07 | Construir | Farm |
| 13:15 | Construir | Farm |
| 13:26 | Construir | Farm |
| 13:50 | Investigar | Castle Age |
| 14:04 | Construir | Farm |
| 14:10 | Construir | Farm |
| 14:14 | Construir | Farm |
| 14:45 | Construir | Lumber Camp |
| 15:47 | Construir | Farm |
| 15:54 | Crear | Villager (Male) |
| 16:28 | Construir | Palisade Wall |
| 16:53 | Edad | Edad de los Castillos |
| 16:59 | Construir | Castle |
| 17:05 | Construir | House |
| 17:09 | Construir | House |
| 17:20 | Crear | Villager (Male) |
| 17:24 | Crear | Villager (Male) |
| 17:35 | Crear | Villager (Male) |
| 17:42 | Construir | Mining Camp |
| 17:53 | Construir | House |
| 17:57 | Construir | House |
| 17:58 | Construir | House |
| 18:01 | Investigar | Fletching |
| 18:19 | Crear | Villager (Male) |
| 18:20 | Crear | Janissary |
| 18:26 | Crear | Janissary |
| 18:41 | Construir | Lumber Camp |
| 19:01 | Crear | Villager (Male) |
| 19:02 | Investigar | Town Watch |
| 19:03 | Crear | Janissary |
| 19:11 | Construir | Farm |
| 19:17 | Construir | House |
| 19:23 | Crear | Villager (Male) |
| 19:35 | Investigar | Bodkin Arrow |
| 19:38 | Crear | Janissary |
| 19:44 | Construir | Farm |
| 19:46 | Crear | Villager (Male) |
| 19:53 | Crear | Janissary |
| 19:59 | Construir | Farm |
| 20:16 | Crear | Villager (Male) |
| 20:30 | Crear | Janissary |
| 20:32 | Crear | Janissary |
| 20:39 | Investigar | Double-Bit Axe |
| 21:03 | Crear | Villager (Male) |
| 21:13 | Construir | Barracks |
| 21:20 | Crear | Villager (Male) |
| 21:23 | Crear | Villager (Male) |
| 21:32 | Crear | Janissary |
| 21:39 | Construir | Farm |
| 21:46 | Crear | Villager (Male) |
| 21:58 | Crear | Janissary |
| 22:29 | Crear | Villager (Male) |
| 22:40 | Crear | Janissary |
| 22:53 | Construir | Farm |
| 22:58 | Crear | Villager (Male) |
| 23:07 | Crear | Janissary |
| 23:23 | Construir | Farm |
| 23:27 | Construir | Farm |
| 23:31 | Crear | Villager (Male) |
| 23:40 | Construir | Mill |
| 23:42 | Construir | Farm |
| 23:42 | Construir | Farm |
| 23:42 | Construir | Farm |
| 23:43 | Construir | Farm |
| 23:46 | Crear | Villager (Male) |
| 23:49 | Crear | Janissary |
| 24:21 | Crear | Villager (Male) |
| 24:29 | Construir | Farm |
| 24:35 | Construir | Farm |
| 24:38 | Crear | Villager (Male) |
| 24:59 | Construir | Farm |
| 25:12 | Crear | Villager (Male) |
| 25:18 | Construir | Stable |
| 25:24 | Construir | Farm |
| 25:39 | Investigar | Imperial Age |
| 26:22 | Construir | Siege Workshop |
| 26:29 | Crear | Scout Cavalry |
| 26:32 | Investigar | Bloodlines |
| 26:33 | Investigar | Husbandry |
| 26:47 | Investigar | Horse Collar |
| 26:50 | Investigar | Bow Saw |
| 27:44 | Crear | Villager (Male) |
| 27:59 | Construir | University |
| 28:08 | Crear | Villager (Male) |
| 28:37 | Crear | Janissary |
| 28:39 | Crear | Scout Cavalry |
| 28:39 | Crear | Scout Cavalry |
| 28:40 | Crear | Scout Cavalry |
| 28:40 | Crear | Scout Cavalry |
| 28:41 | Crear | Scout Cavalry |
| 28:51 | Edad | Edad Imperial |
| 28:52 | Investigar | Forging |
| 29:08 | Crear | Bombard Cannon |
| 29:09 | Crear | Bombard Cannon |
| 29:36 | Crear | Janissary |
| 29:37 | Investigar | Conscription |
| 29:37 | Investigar | Conscription |
| 29:44 | Crear | Villager (Male) |
| 29:45 | Crear | Villager (Male) |
| 30:14 | Crear | Janissary |
| 30:15 | Crear | Janissary |
| 30:19 | Crear | Bombard Cannon |
| 30:21 | Crear | Villager (Male) |
| 30:38 | Crear | Villager (Male) |
| 30:48 | Crear | Scout Cavalry |
Cronología de la partida
| 6:30 | dafr1997 · wall_segment Palisade Wall x1 |
| 11:41 | dafr1997 · age_up feudal |
| 14:00 | Manthasx22 · first_building Barracks |
| 15:01 | Manthasx22 · first_building Castle |
| 16:28 | dafr1997 · wall_segment Palisade Wall x9 |
| 16:53 | dafr1997 · age_up castle |
| 16:59 | dafr1997 · first_building Castle |
| 17:05 | Manthasx22 · first_market_buy 100 food |
| 17:09 | Manthasx22 · first_market_sell 100 stone |
| 20:08 | Manthasx22 · first_building Monastery |
| 21:13 | dafr1997 · first_building Barracks |
| 24:14 | dafr1997 · first_market_buy 100 food |
| 25:18 | dafr1997 · first_building Stable |
| 26:22 | dafr1997 · first_building Siege Workshop |
| 28:51 | dafr1997 · age_up imperial |
| 29:52 | Manthasx22 · first_building Stable |
| 38:50 | Manthasx22 · resign |
[ ANÁLISIS IA · 1 CRÉDITO ]
¿Qué pasó realmente en esta partida?
Wolo.gg analiza cada decisión: build order, eco, micro, errores típicos por bracket. Análisis personalizado por WhatsApp o Discord en 30 segundos.
Guía civ
Españoles
Perfil
Jugador #526784